[Event "Team 45 45 League T57"]
[Site "Internet Chess Club"]
[Date "2013.05.28"]
[Round "1"]
[White "KidRattler"]
[Black "elessar"]
[Result "1/2-1/2"]
[WhiteElo "1457"]
[BlackElo "1619"]
[Opening "Sicilian defense"]
[ECO "B40"]
[Time "17:00:08"]
[TimeControl "2700+45"]

1. e4 c5 2. Nf3 e6 3. Nc3 a6 4. d3 Qc7 5. Be3 d6 6. Be2 Nf6 7. O-O Be7 8. Qd2
Nc6 9. Bg5 b6 10. Rfe1 Bb7 11. Bf4 Nd4 12. Be3 Nxf3+ 13. Bxf3 O-O 14. Rad1 e5
15. Bg5 {Game drawn by mutual agreement} 1/2-1/2

[Event "Team 45 45 League T57"]
[Site "Internet Chess Club"]
[Date "2013.05.24"]
[Round "1"]
[White "ricnic"]
[Black "JRussell2"]
[Result "1-0"]
[WhiteElo "1644"]
[BlackElo "1353"]
[Opening "Queen's pawn, Mason variation"]
[ECO "D00"]
[Time "20:00:38"]
[TimeControl "2700+45"]

1. d4 d5 2. Bf4 e6 3. Nf3 Bd6 4. Bg5 Nf6 5. e3 h6 6. Bh4 Nbd7 7. c3 c5 8. Nbd2
Qb6 9. Rb1 Qc7 10. Bd3 c4 11. Bc2 O-O 12. O-O Re8 13. e4 dxe4 14. Nxe4 Be7 15.
Nxf6+ Nxf6 16. Bg3 Bd6 17. Ne5 b5 18. a3 Bb7 19. Re1 Rad8 20. Bh4 Be7 21. Bxf6
Bxf6 22. Qh5 Bxe5 23. Rxe5 Rd5 24. Rbe1 Qc6 25. f3 f6 26. Rxd5 {Black resigns}
1-0

[Event "Team 45 45 League T57"]
[Site "Internet Chess Club"]
[Date "2013.05.26"]
[Round "1"]
[White "netballgirl"]
[Black "Portola"]
[Result "0-1"]
[WhiteElo "1795"]
[BlackElo "1820"]
[Opening "Réti: King's Indian attack (Barcza system)"]
[ECO "A07"]
[Time "22:00:08"]
[TimeControl "2700+45"]

1. Nf3 d5 2. g3 Nf6 3. Bg2 c6 4. O-O Bf5 5. d3 h6 6. Nbd2 Nbd7 7. Re1 e6 8. e4
dxe4 9. dxe4 Bg4 10. e5 Nd5 11. Nc4 N7b6 12. Ne3 Bb4 13. Nxg4 Bxe1 14. Qxe1 Qe7
15. Ne3 O-O 16. Nxd5 cxd5 17. Bd2 Qd7 18. Bb4 Rfc8 19. Nd4 Rc4 20. c3 Rcc8 21.
Bf1 a6 22. Nb3 Na4 23. Qd2 b5 24. Nd4 Nc5 25. Qe3 Qc7 26. Be2 Qa7 27. Qf4 Ne4
28. Bd3 Nc5 29. Be2 Ne4 30. Kg2 Nc5 31. Rd1 Na4 32. Rd2 Nc5 33. f3 Rab8 34. Ba5
Nd7 35. Rd3 Rc4 36. b3 Rcc8 37. Re3 Nc5 38. Nc2 Nb7 39. Bb4 a5 40. Bd6 Nxd6 41.
exd6 Qd7 42. Nd4 b4 43. c4 Rd8 44. Nb5 f6 45. Qd4 Ra8 46. Nc7 Rac8 47. c5 e5 48.
Qxd5+ Kh8 49. Bb5 Qxc7 50. dxc7 Rxd5 51. Re2 Rxc7 52. Bc4 Rd4 53. Kf2 Rxc5 54.
Rc2 Rc8 55. Ke3 Rdd8 56. Ke4 g6 57. g4 Rd4+ 58. Ke3 Kg7 59. Ke2 Rc7 60. Ke3 Rc5
61. Ke2 Rc7 62. Ke3 Rd6 63. Ke2 f5 64. h3 e4 65. fxe4 fxe4 66. Ke3 Re7 67. Rf2
Rf6 68. Rh2 Rf3+ 69. Ke2 Rc3 70. Ke1 e3 71. Kd1 Rd7+ 72. Ke1 Rc1+ {White
resigns} 0-1

[Event "Team 45 45 League T57"]
[Site "Internet Chess Club"]
[Date "2013.05.25"]
[Round "1"]
[White "kabindra"]
[Black "King311"]
[Result "1-0"]
[WhiteElo "1746"]
[BlackElo "1475"]
[Opening "Philidor's defense"]
[ECO "C41"]
[Time "11:06:42"]
[TimeControl "2700+45"]

1. e4 e5 2. Nf3 d6 3. Bc4 h6 4. d4 exd4 5. Nxd4 Nf6 6. O-O Be7 7. Nf5 O-O 8.
Nxe7+ Qxe7 9. f3 Nc6 10. Nc3 Be6 11. Nd5 Qd8 12. Be2 Rc8 13. b3 a6 14. Bb2 Bxd5
15. exd5 Na7 16. c4 c6 17. dxc6 Nxc6 18. Kh1 Re8 19. Bd3 Ne5 20. Bb1 Qb6 21. Bd4
Qc7 22. Bf5 Rcd8 23. Rc1 Qe7 24. Re1 Qc7 25. h3 Nfd7 26. f4 Nc6 27. Bb2 Rxe1+
28. Qxe1 Nb6 29. Qc3 f6 30. Qg3 Qf7 31. Re1 Ne7 32. Be6 {Black resigns} 1-0

[Event "Team 45 45 League T57"]
[Site "Internet Chess Club"]
[Date "2013.05.23"]
[Round "1"]
[White "Bryant-L"]
[Black "evan7284"]
[Result "0-1"]
[WhiteElo "1518"]
[BlackElo "1741"]
[Opening "Sicilian: Najdorf, Opocensky variation"]
[ECO "B92"]
[Time "16:01:00"]
[TimeControl "2700+45"]

1. e4 c5 2. Nf3 d6 3. d4 cxd4 4. Nxd4 Nf6 5. Nc3 a6 6. Be2 e5 7. Nb3 Be7 8. Be3
Be6 9. f3 Nbd7 10. Qd2 b5 11. O-O O-O 12. Nd1 Nb6 13. Nf2 Nc4 14. Bxc4 Bxc4 15.
Rfd1 Qc7 16. Bg5 Rac8 17. Bxf6 gxf6 18. Rac1 Kh8 19. Ng4 Rg8 20. Ne3 Be6 21. Nd5
Qa7+ 22. Kh1 Rg6 23. Nxe7 Qxe7 24. Qxd6 Qa7 25. f4 Qf2 26. Rg1 Bh3 27. Qd2 Rxg2
28. Qxf2 Rxf2 29. fxe5 fxe5 30. Na1 Rd8 31. Rg3 Be6 32. a3 Rdd2 33. Kg1 Rxh2 34.
Nb3 Bxb3 35. cxb3 Rc2 36. Rf1 Rhd2 37. Rxf7 Rc1+ 38. Rf1 Rxf1+ 39. Kxf1 Rd4 40.
Rg4 Rd6 41. Ke2 Rg6 42. Kf3 Kg7 43. Rxg6+ Kxg6 44. Kg4 h6 45. b4 h5+ 46. Kh4 Kh6
47. b3 Kg6 48. a4 Kh6 49. a5 Kg6 50. Kh3 Kg5 51. Kg3 h4+ 52. Kh3 Kf4 53. Kxh4
Kxe4 54. Kg4 Kd3 55. Kf5 e4 56. Ke5 e3 57. Kd5 e2 58. Kc6 e1=Q 59. Kb7 Qe6 60.
Ka7 Kc3 61. Kb7 Kxb3 {White resigns} 0-1

[Event "Team 45 45 League T57"]
[Site "Internet Chess Club"]
[Date "2013.05.24"]
[Round "1"]
[White "g8wrb"]
[Black "JohLeb"]
[Result "1-0"]
[WhiteElo "1434"]
[BlackElo "1333"]
[Opening "Sicilian: Alapin's variation (2.c3)"]
[ECO "B22"]
[Time "16:03:48"]
[TimeControl "2700+45"]

1. e4 c5 2. c3 Nc6 3. d4 cxd4 4. cxd4 a6 5. Nf3 Nf6 6. Nc3 e6 7. Bg5 Be7 8. Bd3
d6 9. O-O h6 10. Bh4 Nh7 11. Bg3 Ng5 12. Nxg5 Bxg5 13. Qa4 Bd7 14. Bxd6 b5 15.
Qd1 Be7 16. Bxe7 Qxe7 17. d5 exd5 18. exd5 Ne5 19. d6 Qg5 20. Re1 O-O 21. Be4
Rab8 22. Nd5 Kh8 23. f4 Qh4 24. fxe5 Rfc8 25. Rc1 Rxc1 26. Qxc1 Rc8 27. Nc7 Rf8
28. Qe3 f5 29. Bf3 f4 30. Qf2 {Black resigns} 1-0

[Event "Team 45 45 League T57"]
[Site "Internet Chess Club"]
[Date "2013.05.27"]
[Round "1"]
[White "rahulr"]
[Black "ausya"]
[Result "1/2-1/2"]
[WhiteElo "1552"]
[BlackElo "1523"]
[Opening "Benkö gambit accepted"]
[ECO "A58"]
[Time "19:00:13"]
[TimeControl "2700+45"]

1. d4 Nf6 2. c4 c5 3. d5 b5 4. cxb5 a6 5. bxa6 Bxa6 6. Nc3 g6 7. e4 Bxf1 8. Kxf1
d6 9. Nf3 Nbd7 10. g3 Bg7 11. Kg2 O-O 12. Re1 Qc7 13. Nb5 Qb8 14. a4 Ne8 15. Qe2
Nc7 16. Nxc7 Qxc7 17. Bf4 Rfb8 18. e5 dxe5 19. Nxe5 Nxe5 20. Bxe5 Bxe5 21. Qxe5
Qxe5 22. Rxe5 Ra7 23. Re2 Rb4 24. Rc2 Ra5 25. Rd2 Raxa4 26. Rxa4 Rxa4 27. Rc2
Rb4 28. Kf3 Kg7 29. Ke3 Kf6 30. f4 Kf5 31. Rxc5 Rxb2 32. d6+ Ke6 33. dxe7 Kxe7
34. h4 Rb3+ 35. Kf2 h5 36. Re5+ Kf6 37. Re3 Rxe3 38. Kxe3 Kf5 39. Kf3 f6 40. g4+
hxg4+ 41. Kg3 g5 42. fxg5 fxg5 {Game drawn by mutual agreement} 1/2-1/2

[Event "Team 45 45 League T57"]
[Site "Internet Chess Club"]
[Date "2013.05.27"]
[Round "1"]
[White "JasonModer"]
[Black "Check101"]
[Result "0-1"]
[WhiteElo "1408"]
[BlackElo "1592"]
[Opening "Four knights: double Ruy Lopez"]
[ECO "C49"]
[Time "15:01:28"]
[TimeControl "2700+45"]

1. e4 e5 2. Nf3 Nc6 3. Nc3 Nf6 4. Bb5 Bb4 5. O-O O-O 6. d3 Re8 7. Bg5 h6 8. Bh4
a6 9. Bc4 b5 10. Bb3 Bb7 11. Nd5 Be7 12. Nxe7+ Qxe7 13. Re1 Rad8 14. c3 g5 15.
Nxg5 hxg5 16. Bxg5 Na5 17. Qf3 Kg7 18. Qg3 Nxb3 19. axb3 Qe6 20. Bh4+ Kf8 21.
Qg5 Ke7 22. Re3 Rg8 23. Qxf6+ Qxf6 24. Bxf6+ Kxf6 25. Rf3+ Ke6 26. Re1 d5 27.
Rg3 dxe4 28. Rxg8 Rxg8 29. dxe4 Rd8 30. Kf1 Rd2 31. Re2 Rd1+ 32. Re1 Rd2 33. Rc1
Bxe4 34. f3 Bd3+ 35. Ke1 Rxg2 36. h4 Rxb2 37. b4 Rh2 38. Rd1 Bc4 39. h5 Rxh5 40.
Kd2 Rh3 41. Ke3 Rh2 42. Rd2 Rxd2 43. Kxd2 Kd5 44. Ke3 f5 45. f4 exf4+ 46. Kxf4
Ke6 47. Kf3 Ke5 48. Ke3 f4+ 49. Kf3 Kf5 50. Kf2 Ke4 51. Ke1 Ke3 52. Kd1 f3 53.
Kc1 f2 54. Kc2 f1=Q 55. Kb2 Qf2+ 56. Kb1 Bb3 57. c4 Qc2+ 58. Ka1 Qa2# {White
checkmated} 0-1

[Event "Team 45 45 League T57"]
[Site "Internet Chess Club"]
[Date "2013.05.24"]
[Round "1"]
[White "seattleblues"]
[Black "viktory"]
[Result "0-1"]
[WhiteElo "1424"]
[BlackElo "1444"]
[Opening "Queen's pawn, Mason variation"]
[ECO "D00"]
[Time "19:10:16"]
[TimeControl "2700+45"]

1. d4 d5 2. Bf4 Nf6 3. e3 e6 4. Bd3 c5 5. c3 Nc6 6. Nf3 Be7 7. Nbd2 O-O 8. Ne5
Qb6 9. Rb1 Nxe5 10. dxe5 Nd7 11. h4 Qc7 12. Nf3 c4 13. Bc2 b5 14. a3 a5 15. Ng5
h6 16. Nf3 b4 17. a4 b3 18. Bxb3 cxb3 19. Qxb3 Rb8 20. Qc2 Bb4 21. O-O Ba6 22.
Rfd1 Be7 23. Bg3 Bc4 24. b3 Ba6 25. Rb2 Rfc8 26. Rc1 Ba3 {White resigns} 0-1

[Event "Team 45 45 League T57"]
[Site "Internet Chess Club"]
[Date "2013.05.26"]
[Round "1"]
[White "mindstorm"]
[Black "AtomicDog"]
[Result "0-1"]
[WhiteElo "1348"]
[BlackElo "1351"]
[Opening "Sicilian: closed"]
[ECO "B23"]
[Time "09:00:31"]
[TimeControl "2700+45"]

1. e4 c5 2. Nc3 d6 3. f4 g6 4. Bc4 Bg7 5. d3 Nc6 6. Nf3 e6 7. O-O Nge7 8. Qe1
O-O 9. Qh4 h6 10. f5 exf5 11. Bxh6 Be6 12. Bxg7 Kxg7 13. Ng5 Bxc4 14. dxc4 Rh8
15. Qg3 Nd4 16. exf5 Nexf5 17. Qf4 Ne6 18. Nxe6+ fxe6 19. Rae1 Qd7 20. Ne4 b6
21. Qg5 Raf8 22. c3 d5 23. cxd5 exd5 24. Ng3 Nxg3 25. Qxg3 Rxf1+ 26. Rxf1 d4 27.
Qe5+ Kh7 28. Rf3 Kg8 29. Qf6 Qe8 30. Rg3 Qe1+ 31. Qf1 Qxf1+ 32. Kxf1 Kf7 33. h3
Rh5 34. cxd4 cxd4 35. Rf3+ Ke6 36. Rd3 Rd5 37. Kf2 Ke5 38. Kf3 Kf5 39. g4+ Kg5
40. Ke4 Rd6 41. Ke5 Rd8 42. Rxd4 Rxd4 43. Kxd4 Kh4 44. Ke4 Kxh3 45. Kf4 Kh4 46.
g5 Kh5 47. b4 b5 48. a3 Kh4 49. Ke5 Kxg5 50. Kd5 Kf5 51. Kc5 a6 52. Kb6 g5 53.
Kxa6 g4 54. Kxb5 g3 55. a4 g2 56. a5 g1=Q 57. a6 Qa7 58. Ka5 Qc7+ 59. Ka4 Qb6
60. b5 Ke5 61. Kb4 Kd5 62. Ka4 Kc5 63. a7 Qxa7+ {White resigns} 0-1

[Event "Team 45 45 League T57"]
[Site "Internet Chess Club"]
[Date "2013.05.27"]
[Round "1"]
[White "oldsj"]
[Black "fireball"]
[Result "1/2-1/2"]
[WhiteElo "1580"]
[BlackElo "1702"]
[Opening "French: exchange variation"]
[ECO "C01"]
[Time "08:03:44"]
[TimeControl "2700+45"]

1. e4 e6 2. d4 d5 3. exd5 exd5 4. c4 Nf6 5. Nc3 Be7 6. Nf3 O-O 7. Be2 Nc6 8. O-O
Bg4 9. cxd5 Nxd5 10. h3 Be6 11. Nxd5 Bxd5 12. Be3 Bf6 13. b3 Rb8 14. Bc4 Bxf3
15. Qxf3 Nxd4 16. Bxd4 Bxd4 17. Rad1 Qf6 18. Qxf6 Bxf6 19. Rfe1 b5 20. Bd5 c5
21. a4 bxa4 22. bxa4 Rb4 23. Bc6 c4 24. Re4 a5 25. Rd5 c3 26. Rxa5 Rxe4 27. Bxe4
g6 28. Rc5 Re8 29. Rc4 Rd8 30. Kf1 Rd4 31. Rxd4 Bxd4 32. a5 f5 33. Bd3 Kf7 34.
f3 Ke6 35. Ke2 g5 36. g4 fxg4 37. fxg4 h6 38. Kf3 Ke5 39. a6 Ba7 40. Bc2 {Game
drawn by mutual agreement} 1/2-1/2

[Event "Team 45 45 League T57"]
[Site "Internet Chess Club"]
[Date "2013.05.26"]
[Round "1"]
[White "Ajolote"]
[Black "Tjet"]
[Result "1/2-1/2"]
[WhiteElo "1523"]
[BlackElo "1481"]
[Opening "King's pawn opening"]
[ECO "B07"]
[Time "17:00:19"]
[TimeControl "2700+45"]

1. e4 d6 2. d4 e5 3. dxe5 dxe5 4. Qxd8+ Kxd8 5. Nf3 f6 6. Bc4 c6 7. O-O Kc7 8.
Be3 Nd7 9. a3 Nb6 10. Bb3 Nh6 11. h3 g5 12. Bxb6+ axb6 13. Nc3 g4 14. hxg4 Nxg4
15. Nh2 Nxh2 16. Kxh2 Bh6 17. Rad1 Rf8 18. Rh1 Bg5 19. Kg1 h6 20. f3 Bd7 21. Kf2
Be8 22. Rd3 Bd7 23. Rhd1 Rad8 24. Ne2 Bc8 25. Rxd8 Rxd8 26. Rxd8 Kxd8 27. g3 Bd2
28. Nc3 Bxc3 29. bxc3 Ke7 30. Ke3 b5 31. g4 Kd6 32. Kd3 b6 33. Ke3 c5 34. c4
bxc4 35. Bxc4 Bd7 36. Bb3 Bc8 37. Kd3 Ba6+ 38. c4 Bc8 39. Ba4 Be6 40. Bb3 Bf7
41. Ba2 Be8 42. Bb3 Bd7 43. Bc2 Be8 44. Bb3 Bd7 45. Bc2 Be8 46. Bb3 Bd7 47. Bc2
Be8 48. Bb3 {Game drawn by repetition} 1/2-1/2

[Event "Team 45 45 League T57"]
[Site "Internet Chess Club"]
[Date "2013.05.26"]
[Round "1"]
[White "stanbeers"]
[Black "GideonL"]
[Result "1/2-1/2"]
[WhiteElo "1508"]
[BlackElo "1442"]
[Opening "QGD: Marshall defense"]
[ECO "A50"]
[Time "20:07:06"]
[TimeControl "2700+45"]

1. d4 Nf6 2. c4 d5 3. cxd5 Nxd5 4. e4 Nb6 5. Nc3 Nc6 6. Nge2 Bg4 7. f3 Bh5 8.
Be3 e6 9. Nf4 Bg6 10. Bb5 a6 11. Bxc6+ bxc6 12. Nxg6 hxg6 13. Qc2 Qd7 14. Bf2
Be7 15. Rd1 f6 16. Qd3 Kf7 17. d5 cxd5 18. Bxb6 cxb6 19. exd5 exd5 20. Nxd5 Qe6+
21. Qe3 Qxe3+ 22. Nxe3 Rad8 23. h3 Bb4+ 24. Ke2 Bc5 25. Rxd8 Rxd8 26. Rd1 Re8
27. Rd7+ Kg8 28. Rd3 Bxe3 29. Rxe3 Rc8 30. Kd2 {Game drawn by mutual agreement}
1/2-1/2

[Event "Team 45 45 League T57"]
[Site "Internet Chess Club"]
[Date "2013.05.23"]
[Round "1"]
[White "seldredg"]
[Black "Fogbound"]
[Result "0-1"]
[WhiteElo "1307"]
[BlackElo "1269"]
[Opening "Bird's opening"]
[ECO "A02"]
[Time "14:00:49"]
[TimeControl "2700+45"]

1. f4 Nf6 2. Nf3 d5 3. g3 Bg4 4. Bg2 e6 5. d3 Bc5 6. c3 O-O 7. b4 Bb6 8. e3 Nbd7
9. O-O c5 10. h3 Bh5 11. g4 Nxg4 12. hxg4 Bxg4 13. Qe1 Bf5 14. d4 cxb4 15. cxb4
Rc8 16. Nc3 a6 17. Qg3 Rxc3 18. Bd2 Rc4 19. Kf2 Nf6 20. Kg1 Ne4 21. Qe1 Nxd2 22.
Qxd2 Rc2 23. Qe1 Qc7 24. Rc1 Rc8 25. Kh2 Qe7 26. Rxc2 Rxc2 27. Rf2 Qc7 28. Rxc2
Qxc2 29. a3 Be4 30. Qg3 Qe2 31. f5 h6 32. Qb8+ Kh7 33. Kg3 Qxe3 34. f6 Bxd4 35.
Qc7 Qf2+ 36. Kf4 g5+ 37. Kg4 Qxg2+ 38. Qg3 Bxf3# {White checkmated} 0-1

[Event "Team 45 45 League T57"]
[Site "Internet Chess Club"]
[Date "2013.05.26"]
[Round "1"]
[White "Otelo"]
[Black "borgeaud"]
[Result "0-1"]
[WhiteElo "1809"]
[BlackElo "1887"]
[Opening "French: Rubinstein variation"]
[ECO "C03"]
[Time "10:00:33"]
[TimeControl "2700+45"]

1. e4 e6 2. d4 d5 3. Nd2 dxe4 4. Nxe4 Nd7 5. Bd3 Ngf6 6. Nxf6+ Nxf6 7. Nf3 c5 8.
dxc5 Bxc5 9. O-O O-O 10. Bg5 h6 11. Bh4 Re8 12. Qe2 Qe7 13. Qe5 Bb6 14. Bxf6
Qxf6 15. Qxf6 gxf6 16. Rad1 e5 17. Nd2 f5 18. Bb5 Re7 19. Nc4 Bc7 20. Nd6 Be6
21. b3 Bxd6 22. Rxd6 Rc8 23. Rd2 Rc3 24. f3 Rec7 25. Bd3 b5 26. Rff2 b4 27. Kf1
R7c5 28. Rfe2 f6 29. g3 Ra5 30. g4 fxg4 31. fxg4 Rxa2 32. Re4 a5 33. Ke1 Ra1+
34. Rd1 Rxd1+ 35. Kxd1 Bxb3 36. Kd2 Bd5 37. Re3 a4 38. Be4 Rc5 39. Kc1 a3 40. h3
Bxe4 41. Rxe4 b3 42. c4 Ra5 43. Re1 Ra4 44. Kb1 Rxc4 45. Re3 a2+ 46. Kb2 Rc1
{White resigns} 0-1

[Event "Team 45 45 League T57"]
[Site "Internet Chess Club"]
[Date "2013.05.24"]
[Round "1"]
[White "WillC"]
[Black "cyborg86"]
[Result "1-0"]
[WhiteElo "1816"]
[BlackElo "1905"]
[Opening "Queen's pawn: Keres defense"]
[ECO "A40"]
[Time "19:00:12"]
[TimeControl "2700+45"]

1. d4 e6 2. c4 b6 3. a3 Bb7 4. Nc3 d5 5. cxd5 exd5 6. Nf3 Be7 7. Bf4 a6 8. e3
Nf6 9. h3 O-O 10. Bd3 Nbd7 11. O-O c5 12. Qe2 Re8 13. Rac1 cxd4 14. Nxd4 Nc5 15.
Bb1 Ne6 16. Be5 Nd7 17. Bg3 Nxd4 18. exd4 Bg5 19. Qd3 Nf8 20. Rce1 Qd7 21. Ba2
Ng6 22. Qf3 Rxe1 23. Rxe1 Rd8 24. Be5 f6 25. Ne4 Bh4 26. Bh2 Kh8 27. Nd6 Bg5 28.
Bxd5 Nh4 29. Qe4 f5 30. Qe6 Qxe6 31. Bxe6 Rxd6 32. Bxd6 Bxg2 33. Re2 Bxh3 34.
Bd5 h6 35. f4 Bf6 36. Be5 Bg4 37. Rc2 Bf3 38. Rc8+ Kh7 39. Bg8+ Kg6 40. Bxf6
Kxf6 41. d5 Ng6 42. Rc6+ {Black resigns} 1-0

[Event "Team 45 45 League T57"]
[Site "Internet Chess Club"]
[Date "2013.05.25"]
[Round "1"]
[White "fishhead"]
[Black "bahamapapa"]
[Result "1-0"]
[WhiteElo "1936"]
[BlackElo "1923"]
[Opening "Robatsch (modern) defense"]
[ECO "B06"]
[Time "17:00:33"]
[TimeControl "2700+45"]

1. e4 g6 2. f4 Bg7 3. Nf3 c6 4. d4 d5 5. e5 Bg4 6. Bd3 Qb6 7. c3 e6 8. h3 Bxf3
9. Qxf3 c5 10. dxc5 Qxc5 11. Be3 Qc7 12. Na3 a6 13. c4 Ne7 14. O-O O-O 15. b4
Nbc6 16. Rab1 dxc4 17. Nxc4 b5 18. Nd6 Qd7 19. Be4 f5 20. exf6 Rxf6 21. Bc5 e5
22. Qb3+ Qe6 23. f5 Qxb3 24. Rxb3 Rd8 25. Rd3 Nxf5 26. Nxf5 Rxd3 27. Bxd3 gxf5
28. Rxf5 Rxf5 29. Bxf5 a5 30. Be6+ Kh8 31. bxa5 Nxa5 32. Bd7 Kg8 33. Bxb5 Bf8
34. Bb6 Bb4 35. Kf2 Kf7 36. Ke3 Ke6 37. Ke4 Nb7 38. Be2 Nc5+ 39. Ke3 Na4 40.
Bc4+ Kf5 41. g4+ Kf6 42. Bd8+ Be7 43. Ba5 Kg5 44. Be1 h5 45. h4+ Kxg4 46. Be6#
{Black checkmated} 1-0

[Event "Team 45 45 League T57"]
[Site "Internet Chess Club"]
[Date "2013.05.26"]
[Round "1"]
[White "SugarIslander"]
[Black "jps7"]
[Result "1/2-1/2"]
[WhiteElo "1685"]
[BlackElo "1741"]
[Opening "QGD: Ragozin variation"]
[ECO "D38"]
[Time "13:02:42"]
[TimeControl "2700+45"]

1. d4 d5 2. c4 e6 3. Nc3 Nf6 4. Nf3 Bb4 5. Qc2 dxc4 6. e3 Bxc3+ 7. bxc3 b5 8. a4
c6 9. Ba3 Bb7 10. axb5 cxb5 11. Be2 Be4 12. Qb2 a6 13. O-O Nc6 14. Rfd1 Ne7 15.
Ng5 Bg6 16. Bf3 Rb8 17. Bxe7 Qxe7 18. Rxa6 O-O 19. Rda1 h6 20. Nh3 Nd5 21. Bxd5
exd5 22. Nf4 Qg5 23. Nxg6 fxg6 24. R6a5 Qf5 25. Rf1 Qd7 26. Rb1 Qf7 27. Qc2 Qd7
28. Qxg6 Rf6 29. Qc2 Rbf8 30. Rf1 Rb8 31. Rb1 Rbf8 {Game drawn by mutual
agreement} 1/2-1/2

[Event "Team 45 45 League T57"]
[Site "Internet Chess Club"]
[Date "2013.05.22"]
[Round "1"]
[White "wildkingdumb1"]
[Black "cysk"]
[Result "1/2-1/2"]
[WhiteElo "1648"]
[BlackElo "1786"]
[Opening "Scandinavian: Pytel-Wade variation"]
[ECO "B01"]
[Time "22:17:10"]
[TimeControl "2700+45"]

1. e4 d5 2. exd5 Qxd5 3. Nc3 Qd6 4. Nf3 a6 5. d4 Nf6 6. Ne5 Nc6 7. Nxc6 Qxc6 8.
d5 Qd6 9. g3 e6 10. Bg2 exd5 11. Nxd5 Qe5+ 12. Qe2 Qxe2+ 13. Kxe2 Nxd5 14. Bxd5
c6 15. Bb3 Be7 16. Re1 O-O 17. Kf3 Bf6 18. c3 a5 19. a4 b5 20. axb5 cxb5 21. Bd5
Ra6 22. Bf4 Rd8 23. Bc7 Bg4+ 24. Kg2 Rf8 25. Rxa5 Rxa5 26. Bxa5 h6 27. Bc6 Rb8
28. Re8+ Rxe8 29. Bxe8 Be2 30. Bb4 g5 31. f3 Bc4 32. Kf2 Bd8 33. Bc5 Kg7 34.
Bd4+ Kf8 35. Bc6 Ke7 36. b3 Bxb3 37. Bxb5 Bc7 38. h3 Be6 39. g4 f5 40. Bd3 fxg4
41. hxg4 Bf7 42. Be4 Bf4 43. Ke2 h5 44. gxh5 Bxh5 45. Be3 Kd6 46. Bxf4+ gxf4 47.
Kd3 Kc5 48. Bb7 Bg6+ 49. Be4 Bf7 50. Bf5 Bd5 51. Be4 Bf7 52. Bb7 Bg6+ 53. Kd2
Bf7 54. Be4 Bc4 55. Bd3 Bd5 56. Ke2 Be6 57. Ba6 Bd5 58. Bd3 Be6 59. Be4 {Game
drawn by mutual agreement} 1/2-1/2

[Event "Team 45 45 League T57"]
[Site "Internet Chess Club"]
[Date "2013.05.27"]
[Round "1"]
[White "cityprosecutor"]
[Black "FourKnights"]
[Result "1/2-1/2"]
[WhiteElo "1857"]
[BlackElo "1767"]
[Opening "Sicilian defense"]
[ECO "B20"]
[Time "18:26:30"]
[TimeControl "2700+45"]

1. e4 c5 2. d3 e5 3. g3 d6 4. Bg2 Nc6 5. f4 Be7 6. Nf3 Nf6 7. O-O O-O 8. c3 Rb8
9. a4 Bd7 10. fxe5 Nxe5 11. Nxe5 dxe5 12. Nd2 Be6 13. Nf3 Qd6 14. Qe2 Bg4 15. h3
Bxf3 16. Qxf3 h6 17. Rd1 Rfd8 18. Be3 Qa6 19. d4 cxd4 20. cxd4 exd4 21. Rxd4
Rxd4 22. Bxd4 Rd8 23. Qc3 {Game drawn by mutual agreement} 1/2-1/2

[Event "Team 45 45 League T57"]
[Site "Internet Chess Club"]
[Date "2013.05.25"]
[Round "1"]
[White "pishd"]
[Black "Warpdrive"]
[Result "1-0"]
[WhiteElo "1801"]
[BlackElo "1700"]
[Opening "QGD Slav: exchange variation"]
[ECO "D13"]
[Time "13:06:33"]
[TimeControl "2700+45"]

1. d4 Nf6 2. Nf3 d5 3. c4 c6 4. cxd5 cxd5 5. Nc3 Nc6 6. Bf4 a6 7. a4 Bf5 8. e3
e6 9. Ne5 Bb4 10. Nxc6 bxc6 11. Rc1 Qa5 12. Bd3 Bxd3 13. Qxd3 Qxa4 14. O-O Qb3
15. Qc2 Qxc2 16. Rxc2 a5 17. Na4 Ra6 18. Rfc1 Kd7 19. f3 Nh5 20. Bg5 f5 21. b3
h6 22. Bh4 Rb8 23. h3 g5 24. Bf2 Nf6 25. Kf1 Ba3 26. Rb1 Bd6 27. Be1 Ra7 28. Ke2
Rab7 29. Rc3 Rb5 30. Kd1 Kc7 31. Rbc1 Rxb3 32. Rxc6+ Kd7 33. Ke2 f4 34. Bd2 Nh5
35. Nc5+ Bxc5 36. R6xc5 Ng3+ 37. Kf2 fxe3+ 38. Bxe3 Nf5 39. Bd2 Rb2 40. Rc7+ Kd8
41. Ke1 R2b5 42. Ra7 R8b7 43. Bxa5+ Kd7 44. Ra8 Nxd4 45. Rd8+ Ke7 46. Rh8 Nb3
47. Bd8+ Kd6 48. Rb1 Nd4 49. Rxb5 Rxb5 50. Rxh6 Rb1+ 51. Kf2 Rb2+ 52. Kg1 Rb1+
53. Kh2 Rb2 54. Kh1 Rb1+ 55. Kh2 Rb2 56. Bf6 Nf5 57. Rh5 Ra2 58. Bxg5 d4 59.
Bf4+ Kd7 60. Rh7+ Kc6 61. h4 d3 62. h5 d2 63. Rc7+ Kb6 64. Rd7 Nh4 65. Rxd2 Ra5
66. Rd6+ Kb7 67. h6 Rh5 68. Kg1 Nf5 69. Rxe6 Rh4 70. g4 Nd4 71. Re7+ Kc8 72. Kg2
{Black resigns} 1-0

[Event "Team 45 45 League T57"]
[Site "Internet Chess Club"]
[Date "2013.05.26"]
[Round "1"]
[White "CKNIGHT3"]
[Black "timothysmall56"]
[Result "1-0"]
[WhiteElo "1677"]
[BlackElo "1608"]
[Opening "Budapest: Rubinstein variation"]
[ECO "A52"]
[Time "19:07:05"]
[TimeControl "2700+45"]

1. d4 Nf6 2. c4 e5 3. dxe5 Ng4 4. Bf4 Nc6 5. Nf3 Bc5 6. e3 Qe7 7. Nc3 Ngxe5 8.
Nxe5 Nxe5 9. Nd5 Bb4+ 10. Ke2 Qd6 11. Nxb4 Qxb4 12. Bxe5 Qxc4+ 13. Ke1 {Black
resigns} 1-0

[Event "Team 45 45 League T57"]
[Site "Internet Chess Club"]
[Date "2013.05.27"]
[Round "1"]
[White "EyeAm"]
[Black "fireball"]
[Result "1-0"]
[WhiteElo "1786"]
[BlackElo "1689"]
[Opening "French: exchange variation"]
[ECO "C01"]
[Time "18:04:25"]
[TimeControl "2700+45"]

1. e4 e6 2. d4 d5 3. exd5 exd5 4. c4 Nf6 5. Nf3 Bb4+ 6. Nc3 O-O 7. Be2 Nc6 8.
O-O Bg4 9. a3 Be7 10. cxd5 Nxd5 11. Qb3 Nb6 12. Be3 Bxf3 13. Bxf3 Nxd4 14. Bxd4
Qxd4 15. Bxb7 Rab8 16. Bf3 Nc4 17. Qa4 Rxb2 18. Rac1 Qd3 19. Be4 Qd4 20. Nd1
Qxe4 21. Rxc4 Qe2 22. Re4 Qb5 23. Nxb2 Qxa4 24. Rxa4 Bc5 25. Rc1 Re8 26. Kf1 Bb6
27. Nc4 c5 28. Nxb6 axb6 29. Ra6 Rb8 30. Rb1 b5 31. Rxb5 {Black resigns} 1-0

[Event "Team 45 45 League T57"]
[Site "Internet Chess Club"]
[Date "2013.05.28"]
[Round "1"]
[White "monkeyshark"]
[Black "bookseller"]
[Result "0-1"]
[WhiteElo "1551"]
[BlackElo "1665"]
[Opening "Scotch gambit: Dubois-Réti defense"]
[ECO "C55"]
[Time "10:34:12"]
[TimeControl "2700+45"]

1. e4 e5 2. Nf3 Nc6 3. Bc4 Nf6 4. d4 exd4 5. e5 d5 6. Bb5 Ne4 7. O-O Bc5 8. Nxd4
Bd7 9. Nxc6 bxc6 10. Bd3 Qh4 11. Bxe4 Qxe4 12. Nc3 Qf5 13. Na4 Be7 14. Re1 O-O
15. f4 c5 16. b3 d4 17. Qd3 Qxd3 18. cxd3 Bxa4 19. bxa4 c4 20. dxc4 Rab8 21. a5
Bb4 22. Rd1 Bc3 23. Ba3 Bxa1 24. Bxf8 Kxf8 25. Rxa1 c5 26. a3 Rb3 27. Kf1 Ke7
28. f5 Re3 29. f6+ gxf6 30. exf6+ Kxf6 31. Kg1 Ke5 32. Kf2 Ke4 33. Rd1 Rxa3 34.
Re1+ Re3 35. Rxe3+ dxe3+ 36. Ke2 Kd4 {White resigns} 0-1

[Event "Team 45 45 League T57"]
[Site "Internet Chess Club"]
[Date "2013.05.23"]
[Round "1"]
[White "calsal"]
[Black "Insan996"]
[Result "1-0"]
[WhiteElo "1560"]
[BlackElo "1558"]
[Opening "Caro-Kann: Tartakower (fantasy) variation"]
[ECO "B12"]
[Time "15:03:52"]
[TimeControl "2700+45"]

1. e4 c6 2. d4 d5 3. f3 dxe4 4. fxe4 Nf6 5. Nc3 Bg4 6. Be2 Bxe2 7. Ngxe2 e6 8.
O-O Be7 9. Bg5 Nbd7 10. Qe1 Qb6 11. e5 Ng8 12. Qg3 f6 13. Be3 g6 14. b3 f5 15.
Nf4 c5 16. d5 exd5 17. Nfxd5 Qc6 18. e6 Nb6 19. Nc7+ Kf8 20. Nxa8 Nxa8 21. Qb8+
Kg7 22. Qxa8 Nf6 23. Qxa7 Ng4 24. Bd2 Qd6 25. Bf4 Qd4+ 26. Kh1 Qg1+ 27. Kxg1
{Black resigns} 1-0